[Event "Josef Kupper Memorial 2019"]
[Site "Zurich"]
[Date "2019.08.14"]
[Round "1.2"]
[White "Kovalenko, Igor"]
[Black "Giesinger, Elias"]
[Result "1-0"]
[ECO "A46"]
[WhiteElo "2654"]
[BlackElo "2221"]
[Annotator "ChessBase"]
[PlyCount "111"]
[EventDate "2019.08.13"]
[EventType "swiss"]
[EventCountry "SUI"]
[SourceTitle "playchess.com"]
[Source "ChessBase"]
[SourceQuality "1"]
[TimeControl "40/5400+30:1800+30"]

1. d4 Nf6 2. Nf3 e6 3. e3 c5 4. Bd3 Be7 5. O-O cxd4 6. exd4 O-O 7. Re1 b6 8. c4 d5 9. cxd5 Nxd5 10. Nc3 Bb7 11. Re5 Nd7 12. Rh5 N7f6 13. Rh4 Rc8 14. Bd2 Nxc3 15. bxc3 Rc7 16. a4 Qa8 17. Ne5 Be4 18. Bg5 Bxd3 19. Qxd3 g6 20. c4 Qd8 21. Qh3 Nh5 22. Bxe7 Qxe7 23. Rg4 Nf6 24. Rg3 Nd7 25. Nf3 Qf6 26. Ng5 Qg7 27. Rc3 Rfc8 28. Rac1 h6 29. Nf3 Nf6 30. Nd2 Rd7 31. Nb3 Ne4 32. R3c2 Rdc7 33. Qd3 Nf6 34. h3 Qf8 35. c5 Nd5 36. Rc4 Qe8 37. Nd2 Nf6 38. Qe3 h5 39. R1c2 Qd8 40. Qf4 Nd5 41. Qe5 bxc5 42. dxc5 Qf6 43. Qg3 Qa1+ 44. Rc1 Qf6 45. Ne4 Qe7 46. Qe5 Rc6 47. Rb1 Qc7 48. Nd6 Rb8 49. Rcc1 Rb4 50. Rxb4 Nxb4 51. Qd4 e5 52. Qxe5 Nd3 53. Qe8+ Kh7 54. Rd1 Nxc5 55. Nxf7 Qc8 56. Rd8 1-0

[Event "Josef Kupper Memorial 2019"]
[Site "Zurich"]
[Date "2019.08.14"]
[Round "1.3"]
[White "Buehler, Michael"]
[Black "Iturrizaga Bonelli, Eduardo"]
[Result "0-1"]
[ECO "A15"]
[WhiteElo "2154"]
[BlackElo "2635"]
[Annotator "ChessBase"]
[PlyCount "56"]
[EventDate "2019.08.13"]
[EventType "swiss"]
[EventCountry "SUI"]
[SourceTitle "playchess.com"]
[Source "ChessBase"]
[SourceQuality "1"]
[TimeControl "40/5400+30:1800+30"]

1. c4 Nf6 2. g3 g6 3. Bg2 Bg7 4. Nc3 O-O 5. Nf3 e6 6. d4 d5 7. O-O b6 8. cxd5 exd5 9. Bf4 Bb7 10. Nb5 Ne8 11. Qd2 c6 12. Nc3 Nd6 13. Bh6 Nd7 14. Bxg7 Kxg7 15. a4 Re8 16. Rfd1 a5 17. b3 Ne4 18. Nxe4 dxe4 19. Ne1 h5 20. Nc2 h4 21. Qf4 hxg3 22. hxg3 Nf6 23. Qd2 Qd5 24. Ne3 Qh5 25. b4 Rh8 26. Rab1 Qh2+ 27. Kf1 Bc8 28. Qc3 Bh3 0-1

[Event "Josef Kupper Memorial 2019"]
[Site "Zurich"]
[Date "2019.08.14"]
[Round "1.4"]
[White "Bauer, Christian"]
[Black "Rohrer, Christophe"]
[Result "1-0"]
[ECO "C24"]
[WhiteElo "2626"]
[BlackElo "2208"]
[Annotator "ChessBase"]
[PlyCount "101"]
[EventDate "2019.08.13"]
[EventType "swiss"]
[EventCountry "SUI"]
[SourceTitle "playchess.com"]
[Source "ChessBase"]
[SourceQuality "1"]
[TimeControl "40/5400+30:1800+30"]

1. e4 e5 2. Bc4 Nf6 3. d3 c6 4. Nf3 Be7 5. Bb3 O-O 6. Nbd2 d6 7. c3 Nbd7 8. O-O Nc5 9. Bc2 Ne6 10. Re1 Qc7 11. Nf1 Re8 12. Ng3 g6 13. d4 Bf8 14. h3 Nf4 15. Bxf4 exf4 16. Nf1 d5 17. e5 Nh5 18. N1h2 Be6 19. Ng5 Bh6 20. Nxe6 Rxe6 21. Qg4 Rae8 22. Nf3 Qd8 23. h4 R6e7 24. Ng5 Qc8 25. Qf3 f5 26. a4 Bxg5 27. hxg5 Rf7 28. Bb3 Ng7 29. c4 dxc4 30. Bxc4 Ne6 31. Rad1 Kg7 32. d5 cxd5 33. Bxd5 Nxg5 34. Qxf4 Ne6 35. Qh4 Qc5 36. Bb3 g5 37. Qh5 h6 38. Re3 Rfe7 39. Rd6 Qc1+ 40. Rd1 Qc7 41. Rh3 Rh8 42. Rc3 Qxe5 43. Re3 Qf6 44. Bxe6 Rxe6 45. Rd7+ Kf8 46. Rxe6 Qxe6 47. Qd1 Rg8 48. Rxb7 Rg6 49. Qd8+ Qe8 50. Qc7 Qe1+ 51. Kh2 1-0

[Event "Josef Kupper Memorial 2019"]
[Site "Zurich"]
[Date "2019.08.14"]
[Round "1.5"]
[White "Csajka, Felix"]
[Black "Van Foreest, Jorden"]
[Result "0-1"]
[ECO "A15"]
[WhiteElo "2186"]
[BlackElo "2626"]
[Annotator "ChessBase"]
[PlyCount "72"]
[EventDate "2019.08.13"]
[EventType "swiss"]
[EventCountry "SUI"]
[SourceTitle "playchess.com"]
[Source "ChessBase"]
[SourceQuality "1"]
[TimeControl "40/5400+30:1800+30"]

1. c4 Nf6 2. Nf3 g6 3. Nc3 Bg7 4. e4 e5 5. d4 exd4 6. Nxd4 O-O 7. Be2 Re8 8. f3 c6 9. Nc2 d5 10. exd5 cxd5 11. O-O Qb6+ 12. Kh1 dxc4 13. Bxc4 Nc6 14. Bf4 Bf5 15. Qc1 Ne5 16. Be3 Qc7 17. Be2 Bd3 18. Re1 Bxe2 19. Rxe2 Nd3 20. Qd2 Nxb2 21. Na3 Ng4 22. fxg4 Qxc3 23. Qxc3 Bxc3 24. Nb5 Nc4 25. Nxc3 Rxe3 26. Rxe3 Nxe3 27. g5 Rd8 28. Kg1 Rd2 29. g3 Rg2+ 30. Kh1 Rc2 31. Ne4 Ng4 32. Kg1 Nxh2 33. Rd1 Nf3+ 34. Kf1 Kg7 35. Rd7 Rxa2 36. Rxb7 Nd2+ 0-1

[Event "Josef Kupper Memorial 2019"]
[Site "Zurich"]
[Date "2019.08.14"]
[Round "1.6"]
[White "Bluebaum, Matthias"]
[Black "Drechsler, Christoph"]
[Result "1-0"]
[ECO "D35"]
[WhiteElo "2619"]
[BlackElo "2180"]
[Annotator "ChessBase"]
[PlyCount "83"]
[EventDate "2019.08.13"]
[EventType "swiss"]
[EventCountry "SUI"]
[SourceTitle "playchess.com"]
[Source "ChessBase"]
[SourceQuality "1"]
[TimeControl "40/5400+30:1800+30"]

1. d4 d5 2. c4 e6 3. Nc3 Nf6 4. cxd5 exd5 5. Bg5 Be7 6. e3 c6 7. Bd3 Nbd7 8. Nge2 h6 9. Bh4 Nh5 10. Bxe7 Qxe7 11. O-O O-O 12. Qc2 Nb6 13. Rae1 Bd7 14. Nc1 Rae8 15. Nb3 g6 16. f3 f5 17. Nc5 Bc8 18. Qb3 Kh8 19. Qa3 a6 20. Qb3 Na8 21. Bb1 Nf6 22. N3a4 b5 23. Nc3 Nb6 24. Nd1 Nbd7 25. Nxd7 Nxd7 26. Qc3 Bb7 27. Nf2 Rf6 28. Nd3 g5 29. f4 g4 30. Ne5 Rg8 31. Rc1 Nb6 32. b3 Nc8 33. Qd2 Nd6 34. Rc5 Re6 35. Bd3 Ne4 36. Bxe4 dxe4 37. Rfc1 Rc8 38. Qc3 b4 39. Qxb4 Rxe5 40. dxe5 g3 41. hxg3 Rg8 42. Rb5 1-0

[Event "Josef Kupper Memorial 2019"]
[Site "Zurich"]
[Date "2019.08.14"]
[Round "1.8"]
[White "Donchenko, Alexander"]
[Black "Player, Edmund C"]
[Result "1-0"]
[ECO "A06"]
[WhiteElo "2618"]
[BlackElo "2202"]
[Annotator "ChessBase"]
[PlyCount "63"]
[EventDate "2019.08.13"]
[EventType "swiss"]
[EventCountry "SUI"]
[SourceTitle "playchess.com"]
[Source "ChessBase"]
[SourceQuality "1"]
[TimeControl "40/5400+30:1800+30"]

1. Nf3 d5 2. e3 e6 3. c4 dxc4 4. Bxc4 Nf6 5. O-O a6 6. b3 b5 7. Be2 Bb7 8. a4 b4 9. Bb2 Nbd7 10. d3 g6 11. Nbd2 Bg7 12. Nc4 a5 13. Rc1 O-O 14. e4 Qe7 15. Qc2 Rfc8 16. Nfd2 Nb6 17. Bf3 Nfd7 18. Bxg7 Kxg7 19. Qb2+ Kg8 20. Ne3 Qg5 21. Be2 Qe5 22. Qc2 Qd6 23. f4 Qd4 24. Rf3 e5 25. f5 gxf5 26. Kh1 fxe4 27. dxe4 Qd6 28. Ndc4 Qc6 29. Nf5 Re8 30. Qd2 Kh8 31. Nxb6 Qxe4 32. Nxd7 1-0

[Event "Josef Kupper Memorial 2019"]
[Site "Zurich"]
[Date "2019.08.14"]
[Round "1.9"]
[White "Szakolczai, Peter"]
[Black "Svane, Rasmus"]
[Result "0-1"]
[ECO "B10"]
[WhiteElo "2163"]
[BlackElo "2610"]
[Annotator "ChessBase"]
[PlyCount "86"]
[EventDate "2019.08.13"]
[EventType "swiss"]
[EventCountry "SUI"]
[SourceTitle "playchess.com"]
[Source "ChessBase"]
[SourceQuality "1"]
[TimeControl "40/5400+30:1800+30"]

1. e4 c6 2. Nf3 d5 3. exd5 cxd5 4. Ne5 a6 5. d4 Nc6 6. c3 Bf5 7. g4 Be4 8. f3 Bxb1 9. Rxb1 Nxe5 10. dxe5 e6 11. Be3 Rc8 12. Bd3 Bc5 13. Bxc5 Rxc5 14. Qa4+ Qd7 15. Qd4 Rc8 16. O-O h5 17. Rf2 Ne7 18. Re1 Nc6 19. Qf4 Qe7 20. Rg2 hxg4 21. fxg4 Rh3 22. Bf1 g5 23. Qf2 Kd7 24. Qb6 Rc7 25. Rf2 Rh4 26. h3 Kc8 27. b4 d4 28. b5 axb5 29. cxd4 Rh8 30. Rc1 Qa3 31. Rcc2 Qg3+ 32. Bg2 Rxh3 33. d5 exd5 34. e6 f6 35. Qc5 Rh8 36. Qxd5 Qh2+ 37. Kf1 Rd8 38. e7 Rxd5 39. e8=Q+ Rd8 40. Qe6+ Kb8 41. Bxc6 Qh3+ 42. Ke1 bxc6 43. Qe4 Rcd7 0-1

[Event "Josef Kupper Memorial 2019"]
[Site "Zurich"]
[Date "2019.08.14"]
[Round "1.10"]
[White "Bogner, Sebastian"]
[Black "Bluhm, Sonja Maria"]
[Result "1-0"]
[ECO "D10"]
[WhiteElo "2569"]
[BlackElo "2192"]
[Annotator "ChessBase"]
[PlyCount "73"]
[EventDate "2019.08.13"]
[EventType "swiss"]
[EventCountry "SUI"]
[SourceTitle "playchess.com"]
[Source "ChessBase"]
[SourceQuality "1"]
[TimeControl "40/5400+30:1800+30"]

1. d4 d5 2. c4 c6 3. Nc3 Nf6 4. e3 a6 5. Qc2 e6 6. Nf3 Bd6 7. b3 Nbd7 8. Bd3 O-O 9. Bb2 Qe7 10. O-O e5 11. cxd5 cxd5 12. e4 exd4 13. Nxd5 Nxd5 14. exd5 Ne5 15. Bxh7+ Kh8 16. Nxd4 Qh4 17. Bf5 Ng4 18. h3 Nf6 19. Qd3 Qf4 20. g3 Qe5 21. Rad1 Qxd5 22. Bxc8 Raxc8 23. Nf5 Qxd3 24. Rxd3 Bc5 25. Rf3 Rc6 26. Rc1 Rfc8 27. Rc4 Bf8 28. Bxf6 Rxc4 29. bxc4 gxf6 30. Rb3 Rxc4 31. Rxb7 Kg8 32. Rb8 Rc2 33. h4 Rxa2 34. h5 Ra5 35. g4 Rb5 36. Ra8 a5 37. h6 1-0

[Event "Josef Kupper Memorial 2019"]
[Site "Zurich"]
[Date "2019.08.14"]
[Round "1.11"]
[White "Kelecevic, Nedeljko"]
[Black "Tabatabaei, M.amin"]
[Result "0-1"]
[ECO "A40"]
[WhiteElo "2186"]
[BlackElo "2601"]
[Annotator "ChessBase"]
[PlyCount "70"]
[EventDate "2019.08.13"]
[EventType "swiss"]
[EventCountry "SUI"]
[SourceTitle "playchess.com"]
[Source "ChessBase"]
[SourceQuality "1"]
[TimeControl "40/5400+30:1800+30"]

1. d4 e6 2. c4 b6 3. a3 Ba6 4. e3 d5 5. Nd2 Nf6 6. Ngf3 Be7 7. Bd3 O-O 8. Qe2 c5 9. b3 Nc6 10. Bb2 cxd4 11. exd4 Rc8 12. O-O Re8 13. Rac1 Bf8 14. Rfd1 g6 15. Re1 dxc4 16. bxc4 Bg7 17. Nb3 Re7 18. Red1 Bb7 19. Ne5 a5 20. Re1 Nh5 21. Qe3 Nxe5 22. dxe5 Bxg2 23. Nd4 Ba8 24. Be2 Rd7 25. Bxh5 gxh5 26. f3 Qh4 27. Re2 Rcd8 28. Rd1 Rc7 29. Rg2 Kh8 30. h3 Rxc4 31. Kh2 Rc5 32. Rxg7 Kxg7 33. Nf5+ exf5 34. e6+ Kf8 35. Qh6+ Ke7 0-1

[Event "Josef Kupper Memorial 2019"]
[Site "Zurich"]
[Date "2019.08.14"]
[Round "1.12"]
[White "Vaibhav, Suri"]
[Black "Hugentobler, Patrick"]
[Result "1-0"]
[ECO "A14"]
[WhiteElo "2591"]
[BlackElo "2149"]
[Annotator "ChessBase"]
[PlyCount "67"]
[EventDate "2019.08.13"]
[EventType "swiss"]
[EventCountry "SUI"]
[SourceTitle "playchess.com"]
[Source "ChessBase"]
[SourceQuality "1"]
[TimeControl "40/5400+30:1800+30"]

1. Nf3 d5 2. c4 e6 3. g3 Nf6 4. Bg2 Be7 5. O-O dxc4 6. Qc2 Bd7 7. Ne5 Qc8 8. b3 c5 9. bxc4 Nc6 10. Nxd7 Qxd7 11. Nc3 O-O 12. d3 Rfd8 13. Rb1 b6 14. Qa4 Rac8 15. Bd2 Bd6 16. Rfc1 Bb8 17. Rb2 Ng4 18. Qd1 h5 19. Bh3 Nce5 20. Qf1 Qd4 21. Nd1 h4 22. Bc3 Qd6 23. f4 hxg3 24. hxg3 f5 25. fxe5 Nxe5 26. Qf4 Nxc4 27. Qxc4 Qxg3+ 28. Bg2 Kf7 29. Kf1 Rh8 30. Be1 Qg5 31. e3 Rh2 32. Bb7 Rch8 33. Rxh2 Rxh2 34. Rc2 1-0

[Event "Josef Kupper Memorial 2019"]
[Site "Zurich"]
[Date "2019.08.14"]
[Round "1.13"]
[White "Roesch, Mario"]
[Black "Idani, Pouya"]
[Result "0-1"]
[ECO "A41"]
[WhiteElo "2167"]
[BlackElo "2581"]
[Annotator "ChessBase"]
[PlyCount "72"]
[EventDate "2019.08.13"]
[EventType "swiss"]
[EventCountry "SUI"]
[SourceTitle "playchess.com"]
[Source "ChessBase"]
[SourceQuality "1"]
[TimeControl "40/5400+30:1800+30"]

1. d4 d6 2. c4 e5 3. Nf3 e4 4. Ng5 f5 5. Nh3 Nf6 6. e3 Be7 7. Nc3 O-O 8. Nf4 c6 9. h4 Na6 10. Rb1 Nc7 11. b4 Ne6 12. d5 Nxf4 13. exf4 Ng4 14. g3 Bf6 15. Qb3 Bd4 16. Nd1 cxd5 17. cxd5 Qb6 18. Ne3 Bd7 19. Be2 Rac8 20. Bd2 Bb5 21. a4 Bxe3 22. fxe3 Bxe2 23. Kxe2 Qc7 24. Rbc1 Qf7 25. Rxc8 Rxc8 26. Rc1 Rxc1 27. Bxc1 Nf6 28. Bb2 Nxd5 29. Qc2 h6 30. Qc8+ Kh7 31. Bd4 Nxb4 32. Bxa7 Nd3 33. Kd2 b5 34. a5 Qa2+ 35. Kd1 Qb1+ 36. Kd2 Qe1+ 0-1

[Event "Josef Kupper Memorial 2019"]
[Site "Zurich"]
[Date "2019.08.14"]
[Round "1.14"]
[White "Wagner, Dennis"]
[Black "Stysiak, Szymon"]
[Result "1-0"]
[ECO "E08"]
[WhiteElo "2579"]
[BlackElo "2162"]
[Annotator "ChessBase"]
[PlyCount "69"]
[EventDate "2019.08.13"]
[EventType "swiss"]
[EventCountry "SUI"]
[SourceTitle "playchess.com"]
[Source "ChessBase"]
[SourceQuality "1"]
[TimeControl "40/5400+30:1800+30"]

1. d4 e6 2. c4 Nf6 3. g3 d5 4. Bg2 Be7 5. Nf3 O-O 6. Qc2 Nbd7 7. O-O c5 8. Rd1 cxd4 9. Nxd4 Nb6 10. cxd5 Nbxd5 11. e4 Nb4 12. Qe2 Qc7 13. a3 e5 14. axb4 exd4 15. Bf4 Qb6 16. e5 Ng4 17. h3 Nh6 18. g4 g5 19. Bd2 Be6 20. Na3 Rac8 21. Qb5 f5 22. exf6 Bxf6 23. Bxb7 Rcd8 24. Re1 Bb3 25. Qd3 Qxb7 26. Qxb3+ Kg7 27. Qd3 Nf7 28. Nc4 Rd7 29. Re6 Qd5 30. Rae1 h5 31. gxh5 Nh8 32. R1e5 Bxe5 33. Rxe5 Qb7 34. Rxg5+ Kf7 35. Nd6+ 1-0

[Event "Josef Kupper Memorial 2019"]
[Site "Zurich"]
[Date "2019.08.14"]
[Round "1.15"]
[White "Akermann, Thomas"]
[Black "Epishin, Vladimir"]
[Result "0-1"]
[ECO "A46"]
[WhiteElo "2155"]
[BlackElo "2553"]
[Annotator "ChessBase"]
[PlyCount "76"]
[EventDate "2019.08.13"]
[EventType "swiss"]
[EventCountry "SUI"]
[SourceTitle "playchess.com"]
[Source "ChessBase"]
[SourceQuality "1"]
[TimeControl "40/5400+30:1800+30"]

1. d4 Nf6 2. Nf3 d6 3. c4 g6 4. Nc3 Bf5 5. e3 Bg7 6. Bd3 Bxd3 7. Qxd3 O-O 8. O-O Nbd7 9. b3 c5 10. d5 b5 11. Rb1 b4 12. Ne2 a5 13. e4 a4 14. h3 Qc7 15. Bf4 Ra6 16. Bh2 Rfa8 17. Nd2 axb3 18. axb3 Ra2 19. f4 Rxd2 20. Qxd2 Nxe4 21. Qc2 f5 22. g4 Ndf6 23. Ra1 Ra3 24. Rxa3 bxa3 25. Ra1 Qa5 26. Qc1 fxg4 27. Rxa3 Qb4 28. hxg4 Nxg4 29. f5 g5 30. Bg3 Qb8 31. Qc2 Nxg3 32. Nxg3 Bd4+ 33. Kh1 Qf8 34. Nf1 Qh6+ 35. Kg2 Nf2 36. Ng3 Qh3+ 37. Kf3 g4+ 38. Kf4 Qh6# 0-1

[Event "Josef Kupper Memorial 2019"]
[Site "Zurich"]
[Date "2019.08.14"]
[Round "1.16"]
[White "Puranik, Abhimanyu"]
[Black "Haas, Carmi"]
[Result "1-0"]
[ECO "C42"]
[WhiteElo "2550"]
[BlackElo "2146"]
[Annotator "ChessBase"]
[PlyCount "52"]
[EventDate "2019.08.13"]
[EventType "swiss"]
[EventCountry "SUI"]
[SourceTitle "playchess.com"]
[Source "ChessBase"]
[SourceQuality "1"]
[TimeControl "40/5400+30:1800+30"]

1. e4 e5 2. Nf3 Nf6 3. Nxe5 d6 4. Nf3 Nxe4 5. Nc3 Nxc3 6. dxc3 Be7 7. Bf4 Nd7 8. Qd2 Nc5 9. O-O-O Be6 10. Kb1 Qd7 11. Nd4 O-O 12. h4 Rfe8 13. f3 a6 14. h5 Bf6 15. g4 b5 16. Bh3 Be5 17. Be3 Bxd4 18. cxd4 Bd5 19. dxc5 Bxf3 20. Bg2 Bxd1 21. Bxa8 Bxg4 22. Bg2 h6 23. cxd6 cxd6 24. Qd4 Qf5 25. Bc6 Re6 26. Rg1 Re8 1-0

[Event "Josef Kupper Memorial 2019"]
[Site "Zurich"]
[Date "2019.08.15"]
[Round "3.15"]
[White "Mamalis, Prokopios"]
[Black "Gabriel, Irineia G"]
[Result "*"]
[ECO "B20"]
[WhiteElo "1952"]
[BlackElo "1667"]
[Annotator "NA"]
[PlyCount "24"]
[EventDate "2019.08.14"]
[EventType "swiss"]
[EventCountry "SUI"]
[SourceTitle "playchess.com"]
[Source "ChessBase"]
[SourceQuality "1"]
[TimeControl "40/5400+30:1800+30"]

1. e4 c5 2. Nc3 d6 3. d4 cxd4 4. Qxd4 Nc6 5. Qd2 g6 6. b3 Bh6 7. f4 e5 8. Nb5 Bxf4 9. Qxd6 Qxd6 10. Nxd6+ Kf8 11. Ba3 Nge7 12. c3 Kg7 *

[Event "Josef Kupper Memorial 2019"]
[Site "Zurich"]
[Date "2019.08.16"]
[Round "4.2"]
[White "Epishin, Vladimir"]
[Black "Kovalenko, Igor"]
[Result "1/2-1/2"]
[ECO "A04"]
[WhiteElo "2553"]
[BlackElo "2654"]
[Annotator "RC"]
[PlyCount "118"]
[EventDate "2019.08.14"]
[EventType "swiss"]
[EventCountry "SUI"]
[SourceTitle "playchess.com"]
[Source "ChessBase"]
[SourceQuality "1"]
[TimeControl "40/5400+30:1800+30"]

1. Nf3 c5 2. e3 g6 3. c4 Bg7 4. Nc3 Nf6 5. Qb3 O-O 6. Be2 Nc6 7. O-O Na5 8. Qa3 b6 9. d4 d6 10. Rd1 Bf5 11. Bd2 Nc6 12. Rac1 h6 13. Be1 g5 14. h3 a6 15. Nd5 Be4 16. dxc5 bxc5 17. b4 Bxd5 18. cxd5 Nxb4 19. Bxb4 cxb4 20. Qxb4 Qd7 21. Rc4 Rfb8 22. Qa3 Rb6 23. h4 g4 24. Nh2 h5 25. Nf1 Qf5 26. Ng3 Qe5 27. Ra4 Bh6 28. Qd3 Rc8 29. Qf5 Qxf5 30. Nxf5 Bf8 31. Bxa6 Rcb8 32. Be2 Rb1 33. Rad4 R8b2 34. a4 Rxd1+ 35. Bxd1 Nd7 36. f3 e6 37. dxe6 fxe6 38. Nxd6 Bg7 39. Nc4 Bxd4 40. Nxb2 Bxb2 41. fxg4 hxg4 42. Bxg4 Kf7 43. a5 Ba3 44. Kf2 Bc5 45. Be2 Nf6 46. Kf3 Nd5 47. e4 Ne7 48. a6 Nc6 49. Bf1 Ne5+ 50. Kf4 Ng6+ 51. Kg4 Kf6 52. g3 Be3 53. Kh5 Ne5 54. g4 Kg7 55. g5 Bf2 56. Bb5 Ng6 57. Kg4 Nxh4 58. a7 Bxa7 59. Kxh4 e5 1/2-1/2

[Event "Josef Kupper Memorial 2019"]
[Site "Zurich"]
[Date "2019.08.16"]
[Round "4.8"]
[White "Bogner, Sebastian"]
[Black "Karthik Venkataraman"]
[Result "1/2-1/2"]
[ECO "D85"]
[WhiteElo "2569"]
[BlackElo "2462"]
[Annotator "ChessBase"]
[PlyCount "47"]
[EventDate "2019.08.14"]
[EventType "swiss"]
[EventCountry "SUI"]
[SourceTitle "playchess.com"]
[Source "ChessBase"]
[SourceQuality "1"]
[TimeControl "40/5400+30:1800+30"]

1. d4 Nf6 2. c4 g6 3. Nc3 d5 4. cxd5 Nxd5 5. e4 Nxc3 6. bxc3 Bg7 7. Nf3 c5 8. Bb5+ Nc6 9. O-O cxd4 10. cxd4 O-O 11. Bxc6 bxc6 12. Ba3 Bg4 13. Bc5 Re8 14. Rb1 e5 15. dxe5 Qa5 16. Qc2 Bxf3 17. gxf3 Bxe5 18. Rfd1 Qc7 19. h3 Bf4 20. Bd4 Be5 21. Be3 Bf4 22. Bd4 Be5 23. Be3 Bf4 24. Bd4 1/2-1/2

[Event "Josef Kupper Memorial 2019"]
[Site "Zurich"]
[Date "2019.08.16"]
[Round "4.10"]
[White "Martirosyan, Haik M."]
[Black "Vorotnikov, Vladislav V"]
[Result "1-0"]
[ECO "A46"]
[WhiteElo "2619"]
[BlackElo "2417"]
[Annotator "RC"]
[PlyCount "61"]
[EventDate "2019.08.14"]
[EventType "swiss"]
[EventCountry "SUI"]
[SourceTitle "playchess.com"]
[Source "ChessBase"]
[SourceQuality "1"]
[TimeControl "40/5400+30:1800+30"]

1. d4 Nf6 2. Nf3 d6 3. g3 c6 4. Bg2 h6 5. c4 Bf5 6. Nc3 e6 7. d5 cxd5 8. cxd5 e5 9. O-O Nbd7 10. Ne1 g5 11. e4 Bg6 12. Nd3 Be7 13. Be3 Kf8 14. f4 gxf4 15. gxf4 exf4 16. Bxf4 Qb6+ 17. Kh1 Nh5 18. Ne2 Bg5 19. Bd2 Bxd2 20. Qxd2 Re8 21. Qc3 Rg8 22. Nd4 Rxe4 23. Nf5 Bxf5 24. Rxf5 Rxg2 25. Kxg2 Re2+ 26. Nf2 Ne5 27. Qh3 Qxf2+ 28. Rxf2 Nf4+ 29. Kh1 Nxh3 30. Rxe2 Nf4 31. Rd2 1-0

[Event "Josef Kupper Memorial 2019"]
[Site "Zurich"]
[Date "2019.08.16"]
[Round "4.11"]
[White "Theodorou, Nikolas"]
[Black "Ostovic, Matija"]
[Result "1-0"]
[ECO "E09"]
[WhiteElo "2548"]
[BlackElo "2397"]
[Annotator "ChessBase"]
[PlyCount "95"]
[EventDate "2019.08.14"]
[EventType "swiss"]
[EventCountry "SUI"]
[SourceTitle "playchess.com"]
[Source "ChessBase"]
[SourceQuality "1"]
[TimeControl "40/5400+30:1800+30"]

1. d4 Nf6 2. c4 e6 3. g3 d5 4. Bg2 Be7 5. Nf3 O-O 6. O-O Nbd7 7. Qc2 c6 8. Nbd2 b6 9. e4 dxc4 10. Nxc4 Bb7 11. Bf4 c5 12. Rfe1 cxd4 13. Nd6 Bxd6 14. Bxd6 Rc8 15. Qa4 Nc5 16. Qxd4 Re8 17. e5 Nfe4 18. b4 Nxd6 19. exd6 Nd7 20. Rac1 Bd5 21. Ne5 Bxg2 22. Kxg2 Nxe5 23. Qxe5 Qd7 24. Kg1 f6 25. Qd4 Red8 26. Rxc8 Rxc8 27. Rd1 b5 28. Qe4 Rc4 29. Qa8+ Rc8 30. Qf3 Kf7 31. Qh5+ Kg8 32. a4 bxa4 33. Qa5 Kf7 34. b5 Rc4 35. Qa6 Rc8 36. Qxa4 Rc5 37. Qb3 Ke8 38. Re1 Kf7 39. Rd1 Ke8 40. Qb1 Rxb5 41. Qxh7 Kf7 42. Qe4 a5 43. Qd4 Ke8 44. Rc1 Rb8 45. Qg4 Qxd6 46. Qxg7 Qe5 47. h4 Rd8 48. Rc7 1-0

[Event "Josef Kupper Memorial 2019"]
[Site "Zurich"]
[Date "2019.08.16"]
[Round "4.13"]
[White "Beerdsen, Thomas"]
[Black "Sutter, Oliver"]
[Result "1/2-1/2"]
[ECO "C11"]
[WhiteElo "2491"]
[BlackElo "2344"]
[Annotator "ChessBase"]
[PlyCount "78"]
[EventDate "2019.08.14"]
[EventType "swiss"]
[EventCountry "SUI"]
[SourceTitle "playchess.com"]
[Source "ChessBase"]
[SourceQuality "1"]
[TimeControl "40/5400+30:1800+30"]

1. e4 e6 2. d4 d5 3. Nc3 Nf6 4. e5 Nfd7 5. f4 c5 6. Nf3 Nc6 7. Be3 a6 8. Qd2 b5 9. dxc5 Bxc5 10. Bd3 Qb6 11. Bf2 Bxf2+ 12. Qxf2 Qxf2+ 13. Kxf2 O-O 14. Rhe1 f6 15. exf6 Rxf6 16. Kg3 Nc5 17. Ne5 Nxe5 18. Rxe5 Bb7 19. Ne2 Raf8 20. h4 Nd7 21. Re3 Nc5 22. Rf1 h6 23. h5 g5 24. hxg6 Nxd3 25. cxd3 Rxg6+ 26. Kh2 d4 27. Rg3 Rxg3 28. Kxg3 Kf7 29. Kf2 e5 30. Rh1 Kg6 31. Kg3 Rg8 32. Kf2 Rf8 33. Rc1 exf4 34. Nxd4 Rc8 35. Re1 Bd5 36. a3 Kf6 37. Rh1 Kg6 38. Re1 Kf6 39. Rh1 Ke5 1/2-1/2

[Event "Josef Kupper Memorial 2019"]
[Site "Zurich"]
[Date "2019.08.16"]
[Round "4.14"]
[White "Habibi, Ali"]
[Black "Harsha Bharathakoti"]
[Result "0-1"]
[ECO "A00"]
[WhiteElo "2186"]
[BlackElo "2489"]
[Annotator "ChessBase"]
[PlyCount "84"]
[EventDate "2019.08.14"]
[EventType "swiss"]
[EventCountry "SUI"]
[SourceTitle "playchess.com"]
[Source "ChessBase"]
[SourceQuality "1"]
[TimeControl "40/5400+30:1800+30"]

1. a3 d5 2. Nf3 Nf6 3. c4 dxc4 4. Qa4+ Nbd7 5. e3 e6 6. Bxc4 a6 7. d4 Rb8 8. Qc2 b5 9. Bd3 c5 10. O-O Bb7 11. Qe2 Bd6 12. Nbd2 cxd4 13. exd4 O-O 14. b3 Qb6 15. Bb2 Nd5 16. g3 N5f6 17. Rfc1 Bd5 18. Ng5 Rfc8 19. b4 Rxc1+ 20. Rxc1 a5 21. bxa5 Qxa5 22. Nb1 h6 23. Nf3 Ba8 24. Ne5 b4 25. axb4 Qd5 26. f3 Bxb4 27. Bc4 Qd6 28. Rd1 Qb6 29. Nxd7 Nxd7 30. Kg2 Nf6 31. Rd3 Rd8 32. Rb3 Qa5 33. Na3 Bxa3 34. Rxa3 Qc7 35. Rc3 Qd6 36. Ra3 Bd5 37. Bd3 Rb8 38. Bc1 Qc6 39. Be3 Ng4 40. Bf2 Qc1 41. Ra5 Nxf2 42. Qxf2 Rb2 0-1

[Event "Josef Kupper Memorial 2019"]
[Site "Zurich"]
[Date "2019.08.16"]
[Round "4.15"]
[White "Arjun Kalyan"]
[Black "Kiremitciyan, Ari"]
[Result "1-0"]
[ECO "C50"]
[WhiteElo "2482"]
[BlackElo "2276"]
[Annotator "ChessBase"]
[PlyCount "63"]
[EventDate "2019.08.14"]
[EventType "swiss"]
[EventCountry "SUI"]
[SourceTitle "playchess.com"]
[Source "ChessBase"]
[SourceQuality "1"]
[TimeControl "40/5400+30:1800+30"]

1. e4 e5 2. Nf3 Nc6 3. Bc4 Bc5 4. O-O Nf6 5. d3 O-O 6. Bg5 h6 7. Bh4 Be7 8. Bg3 d6 9. a4 Na5 10. Ba2 c5 11. c3 Nc6 12. Na3 Be6 13. Nc4 Qc8 14. h3 Re8 15. Re1 Bf8 16. Bh4 g5 17. Bg3 Qd7 18. Nh2 Rad8 19. h4 Bg7 20. hxg5 hxg5 21. Nf3 Nh7 22. Ne3 Ne7 23. Bxe6 fxe6 24. d4 exd4 25. cxd4 cxd4 26. Nxd4 Bxd4 27. Qxd4 Nc6 28. Qd3 e5 29. Nf5 Re6 30. Rad1 Ne7 31. Qb3 Kh8 32. Nxd6 1-0

[Event "Josef Kupper Memorial 2019"]
[Site "Zurich"]
[Date "2019.08.16"]
[Round "4.16"]
[White "Krishna C R G"]
[Black "Csajka, Felix"]
[Result "1-0"]
[ECO "D71"]
[WhiteElo "2444"]
[BlackElo "2186"]
[Annotator "NA"]
[PlyCount "77"]
[EventDate "2019.08.14"]
[EventType "swiss"]
[EventCountry "SUI"]
[SourceTitle "playchess.com"]
[Source "ChessBase"]
[SourceQuality "1"]
[TimeControl "40/5400+30:1800+30"]

1. d4 Nf6 2. c4 g6 3. g3 c6 4. Bg2 d5 5. Nd2 Bg7 6. Ngf3 O-O 7. O-O Bf5 8. e3 Nbd7 9. Re1 Re8 10. h3 Ne4 11. Nh4 Nxd2 12. Bxd2 Be6 13. cxd5 cxd5 14. Qb3 Nb6 15. Ba5 Qd6 16. Nf3 Nc4 17. Bb4 Qd7 18. Ng5 b5 19. Nxe6 fxe6 20. Rac1 Rec8 21. Red1 a5 22. Be1 b4 23. Rb1 Rab8 24. Qd3 Nb6 25. e4 dxe4 26. Qxe4 Rc4 27. h4 Qd6 28. Bh3 Rxd4 29. Bxe6+ Kh8 30. Rxd4 Bxd4 31. Rd1 Rd8 32. Kg2 Na4 33. Bb3 Nc5 34. Qf3 e5 35. Bc4 Rf8 36. Qe2 Qc6+ 37. Kh2 Ne4 38. f4 Nd6 39. Rxd4 1-0